 Dungeon Crawl Stone Soup version 0.22-a0-617-g6d95e9e505 (webtiles) character file.

9 Jannitor the Poker (level 2, -17/21 HPs)
             Began as an Octopode Chaos Knight on July 12, 2018.
             Killed from afar by a wretched star (19 damage)
             ... with an orb of energy
             ... on level 1 of the Abyss.
             The game lasted 00:00:45 (258 turns).

Jannitor the Poker (Octopode Chaos Knight)           Turns: 258, Time: 00:00:46

Health: -17/21     AC:  1    Str: 11    XL:     2   Next: 12%
Magic:  1/1        EV: 13    Int: 14    God:    Xom [.*....]
Gold:   19         SH:  0    Dex: 11    Spells: 1/1 levels left

rFire    . . .     SeeInvis .   a - +0 spear (chaos)
rCold    . . .     Gourm    .   (no shield)
rNeg     . . .     Faith    .   (helmet restricted)
rPois    .         Spirit   .   (no amulet)
rElec    .         Reflect  .   (no ring)
rCorr    .         Harm     .   (no ring)
MR       .....     Rnd*Tele +   (no ring)
Stlth    ++........             (no ring)
HPRegen  0.07/turn              (no ring)
MPRegen  0.07/turn              (no ring)
                                (no ring)
                                (no ring)

@: very slightly contaminated, invisible
A: almost no armour, stealthy swim, amphibious, 8 rings, constrict 8, camouflage
1, deterioration 1, [low mp 3], [teleportitis 2], gelatinous body 1
a: Renounce Religion


You were on level 1 of the Abyss.
You worshipped Xom.
You were a plaything of Xom.
You were not hungry.

You visited 1 branch of the dungeon, and saw 1 of its levels.
You visited the Abyss 1 time.

You collected 19 gold pieces.

Inventory:

Hand Weapons
 a - a +0 spear of chaos (weapon)
Comestibles
 b - a ration
 c - 2 chunks of flesh


   Skills:
 + Level 3.1 Fighting
 + Level 3.1 Polearms
 + Level 2.5 Dodging
 + Level 1.0 Stealth


You had one spell level left.
You didn't know any spells.
Your spell library was empty.

Dungeon Overview and Level Annotations

Branches:
Dungeon (1/15)

Altars:


Innate Abilities, Weirdness & Mutations

You cannot wear most types of armour.
You are very stealthy in the water. (Stealth+)
You are amphibious.
You can wear up to eight rings at the same time.
You can use your tentacles to constrict eight enemies at once.
Your skin changes colour to match your surroundings (Stealth+).
Your rubbery body absorbs attacks. (AC +1, EV +1)
Your body sometimes deteriorates upon taking damage.
[Your magical capacity is extremely low. (-30% MP)]
[You are sometimes teleported next to monsters.]


Message History

"Not here, not now."
Xom revives you!
Unknown command.
Unknown command.
You aren't carrying any potions.
Unknown command.
Unknown command.
You closely miss the wretched star. You squeeze the wretched star.
The wretched star is lightly damaged.
You barely miss the wretched star.
The wretched star is lightly damaged.
You barely miss the wretched star.
The wretched star is lightly damaged.
You hit the wretched star but do no damage.
The wretched star is lightly damaged.
The wretched star glows turbulently.
The orb of energy hits you!
Ouch! That really hurt!
You die...
Xom howls with laughter!

.... ...#.
#...#.. .
#..#..#..
..# x ###
#..###.# #.
##. 3... .#
#x.
#.#.###. #
#*##.#..# .
# # #@##..
# #
#.####.## #
. .## #.
...#.
...... . .
#. #.#.#
##.# #..
##### ## .#
.# .... ..
.# . .##
... #.
###..#.###.
. # # #.#.
###.#.


You could see a wretched star and a small abomination.

Vanquished Creatures
  A dart slug (D:1)
  A giant cockroach (D:1)
  2 goblins (D:1)
  A ball python (D:1)
  2 kobolds (D:1)
7 creatures vanquished.

Notes
Turn   | Place    | Note
-------+----------+-------------------------------------------
     0 | D:1      | Jannitor the Octopode Chaos Knight began the quest for the Orb.
     0 | D:1      | Reached XP level 1. HP: 16/16 MP: 1/1
     5 | D:1      | XOM: harmless Conj miscast
    57 | D:1      | XOM: smoke on damage
   131 | D:1      | Reached skill level 1 in Stealth
   131 | D:1      | Reached XP level 2. HP: 20/21 MP: 2/2
   162 | D:1      | Cast into level 1 of the Abyss (kobold)
   235 | Abyss:1  | Noticed a starcursed mass
   235 | Abyss:1  | Noticed a wretched star
   235 | Abyss:1  | XOM: fake destruction
   236 | Abyss:1  | Noticed a neqoxec
   238 | Abyss:1  | XOM: smoke on damage
   239 | Abyss:1  | Noticed a small abomination
   241 | Abyss:1  | Gained mutation: Your body sometimes deteriorates upon taking damage. [a neqoxec]
   243 | Abyss:1  | XOM: potion effect (invisibility)
   254 | Abyss:1  | Xom revived you
   258 | Abyss:1  | Killed from afar by a wretched star

Vault maps used:
D:1:      lightli_arrival_boilingwater, minmay_pentomino_z2

Skill      XL: |  1 |
---------------+----+-----
Stealth        | 1 |  1.0
Fighting       | |  3.1
Polearms       | |  3.1
Dodging        | |  2.5

Action                   || total
-------------------------++-------
Melee: Spear             ||    30
       Constrict         ||     4
       Tentacles         ||     5
  Use: Potion            ||     1
 Stab: Sleeping          ||     3
Armor: Skin              ||     2
Dodge: Dodged            ||     8

Table legend:
 A = Spawn XP
 B = Non-spawn XP
 C = Spawn XP percentage of total XP
 D = Spawn monster count
 E = Non-spawn monster count
 F = Spawn count percentage of total count
 G = Total turns spent on level
                    A         B        C        D         E        F      G
               +---------+---------+-------+---------+---------+-------+---------
         Total |       0 |      13 |   0.0 |       0 |       7 |   0.0 |   258
               +---------+---------+-------+---------+---------+-------+---------
           D:1 |       0 |      13 |   0.0 |       0 |       7 |   0.0 |   162
               +---------+---------+-------+---------+---------+-------+---------
